 Dungeon Sprint DCSS version 0.18-a0-1060-g4fac74f (webtiles) character file.

12616 esc the Eclecticist (level 11, -5/64 HPs)
             Began as a Deep Elf Fire Elementalist on Jan 12, 2016.
             Was the Champion of Vehumet.
             Slain by an ettin
             ... wielding a +0 dire flail
              (34 damage)
             ... in the Dungeon (Sprint IX: "|||||||||||||||||||||||||||||").
             The game lasted 00:16:12 (3110 turns).

esc the Eclecticist (Deep Elf Fire Elementalist)    Turns: 3110, Time: 00:16:12

Health: -5/64      AC:  5    Str:  5    XL:     11   Next: 64%
Magic:  1/33       EV: 22    Int: 30    God:    Vehumet [******]
Gold:   1109       SH:  0    Dex: 15    Spells: 8 memorised, 15 levels left

rFire  . . .     SeeInvis .     n - staff of energy {@w1+MP, hungerless spells, !d!a}
rCold  . . .     Gourm    .     a - +0 robe
rNeg   . . .     Faith    .     (no shield)
rPois  .         Spirit   .     (no helmet)
rElec  .         Dismiss  .     q - +0 cloak
rCorr  .         Reflect  .     y - +0 pair of gloves
SustAt .         Harm     .     r - +0 pair of boots
MR     +....     NoTele   +     (no amulet)
Stlth  ++........               t - +3 ring of intelligence
                                s - +3 ring of intelligence

@: somewhat resistant to hostile enchantments, unstealthy
A: no striking features
a: Renounce Religion


You were in the Dungeon.
You worshipped Vehumet.
Vehumet was exalted by your worship.
You were not hungry.

You visited 1 branch You collected 1109 gold pieces.

Inventory:

Hand Weapons
 j - a +6 blowgun
   (You found it in the Dungeon)
 u - a +2 rapier of draining
   (You found it in the Dungeon)
Armour
 a - a +0 robe (worn)
 q - a +0 cloak (worn)
   (You found it in the Dungeon)
 r - a +0 pair of boots (worn)
   (You found it in the Dungeon)
 y - a +0 pair of gloves (worn)
   (You found it in the Dungeon)
Magical Staves
 n - an uncursed staff of energy (weapon) {@w1+MP, hungerless spells, !d!a}
   (You found it in the Dungeon)
Jewellery
 s - a +3 ring of intelligence (left hand)
   (You found it in the Dungeon)
 t - a +3 ring of intelligence (right hand)
   (You found it in the Dungeon)
Wands
 o - a wand of fire (7/15)
   (You found it in the Dungeon)
Scrolls
 i - 3 scrolls of blinking {!r}
 l - 5 scrolls of remove curse
 m - 2 scrolls of amnesia
 p - 2 scrolls of identify
 v - 2 scrolls of enchant armour
 w - a scroll of recharging
Potions
 d - 7 potions of curing
 e - 7 potions of heal wounds
 f - 2 potions of haste
 g - 2 potions of magic
 h - 2 potions of berserk rage {!q}
 k - a potion of invisibility
Books
 b - a book of Flames
Comestibles
 c - 11 chunks of flesh {@w0}
 x - a slice of pizza
 z - 40 fruits
 A - 12 bread rations {@e1}
 B - 12 meat rations {@e2}


   Skills:
 - Level 5.9 Fighting
 + Level 15.2 Dodging
 - Level 2.4 Stealth
 + Level 16.6 Spellcasting
 + Level 14.0 Conjurations
 - Level 5.4 Necromancy
 + Level 14.3 Fire Magic
 - Level 4.7 Air Magic
 + Level 9.1 Earth Magic
 - Level 5.3 Poison Magic


You had 15 spell levels left.
You knew the following spells:

 Your Spells              Type           Power        Failure   Level  Hunger
a - Flame Tongue          Conj/Fire      #####        0%          1    None
b - Mephitic Cloud        Conj/Pois/Air  ######..     1%          3    None
c - Conjure Flame         Conj/Fire      #######.     0%          3    None
d - Bolt of Draining      Conj/Necr      ######....   1%          5    None
e - Bolt of Magma         Conj/Fire/Erth #######...   1%          5    None
f - Fireball              Conj/Fire      #######...   1%          5    None
s - Sticky Flame          Conj/Fire      #######.     1%          4    None
x - Throw Flame           Conj/Fire      ######       0%          2    None


Dungeon Overview and Level Annotations

Branches:
Dungeon (1/1)

Altars:
Cheibriados
Dithmenos
Elyvilon
Fedhas
Gozag
Kikubaaqudgha
Makhleb
Nemelex Xobeh
Okawaru
Pakellas
Qazlal
Ru
Sif Muna
Trog
Vehumet
Xom
Yredelemnul
Zin
The Shining One
Beogh
Jiyva
Lugonu

Shops:
D [


Message History

Aim: a stone giant (moderately wounded, lightly drained)
The sticky flame hits the stone giant.
The stone giant is covered in liquid flames!
The ettin shouts in stereo!
The stone giant burns!
The stone giant hits you!!
Ouch! That really hurt!
You take 32 damage, and have 32/64 hp.
MASSIVE DAMAGE!!
You now have 23/32 mp.
The stone giant burns!
The stone giant throws a large rock.
The large rock completely misses you.
The stone giant burns!
The stone giant throws a large rock.
The large rock hits you!
You see here a large rock {!d}.
You take 8 damage, and have 24/64 hp.
Aim: a stone giant (heavily wounded, covered in liquid flames, lightly drained)
The bolt of negative energy hits the stone giant.
The stone giant is drained!
The bolt of negative energy hits the deep troll.
The deep troll is drained!
The stone giant burns!
You kill the stone giant!
Vehumet accepts your kill.
Vehumet offers you knowledge of Conjure Ball Lightning.
You feel your power returning.
Your Spellcasting skill increases to level 16!
Your Earth Magic skill increases to level 8!
You now have 21/33 mp.
Unknown command.
Aim: a deep troll (severely wounded, lightly drained)
The bolt of negative energy hits the deep troll.
The deep troll is drained!
You kill the deep troll!
Vehumet accepts your kill.
Your Fire Magic skill increases to level 14!
The bolt of negative energy hits the deep troll.
The deep troll is drained!
You kill the deep troll!
Vehumet accepts your kill.
Your Dodging skill increases to level 15!
You now have 16/33 mp.
Aim: a hill giant, wielding a giant club
Okay, then.
Unknown command.
Aim: a hill giant, wielding a giant club The bolt of negative energy hits the hill giant.
The hill giant is drained!
The bolt of negative energy hits the deep troll.
The deep troll is drained!
You now have 11/33 mp.
Aim: a hill giant, wielding a giant club (almost dead, lightly drained)
The sticky flame hits the hill giant.
You kill the hill giant!
Vehumet accepts your kill.
You feel your power returning.
Aim: a deep troll (severely wounded, lightly drained)
The bolt of negative energy hits the deep troll.
The deep troll is drained!
You kill the deep troll!
Vehumet accepts your kill.
You feel your power returning.
Your Conjurations skill increases to level 14!
Your Earth Magic skill increases to level 9!
The bolt of negative energy hits the ettin.
The ettin is drained!
A troll comes into view.
Aim: an ettin, wielding a dire flail and a great mace (heavily wounded, lightly drained)
The sticky flame hits the ettin.
The ettin is covered in liquid flames!
The troll shouts!
The ettin burns!
The ettin completely misses you. The ettin misses you.
You now have 8/33 mp.
The ettin burns!
You see here a large rock {!d}.
The ettin burns!
The ettin burns!
Things that are here:
a morningstar; a plate armour The ettin burns!
The ettin stops burning.
You see here a large rock {!d}.
Okay, then.
Unknown command.
Items here: ( )) [ ÷ an arbalest; an uncursed battleaxe; 24 bolts; a plate armour; an orc skeleton
Things that are here:
a dire flail; a chain mail; an orc skeleton
Things that are here:
a dagger; a robe; an orc skeleton
Things that are here:
a dagger; a robe; an orc skeleton
There is an open door here.
Aim: an ettin, wielding a dire flail and a great mace (severely wounded, lightly drained)
The bolt of negative energy hits the ettin.
The ettin is drained!
The ettin completely misses you. The ettin closely misses you.
You now have 5/33 mp.
Aim: an ettin, wielding a dire flail and a great mace (almost dead, lightly drained)
The bolt of negative energy misses the ettin.
The bolt of negative energy hits the troll.
The troll is drained!
The ettin hits you with a dire flail!!
Ouch! That really hurt!
You die...

▓▓▓▓▓▓▓▓▓▓▓▓▓▓▓▓▓▓▓▓▓▓▓▓▓▓▓▓▓▓▓▓▓
))).)))[....)(.(@C))T.(.).(.)($$$
▓▓▓▓▓▓▓▓▓▓▓▓▓▓▓▓▓▓▓▓▓▓▓▓▓▓▓▓▓▓▓▓▓
.................................
▓▓▓▓▓▓▓▓▓▓▓▓▓▓▓▓▓▓▓▓▓▓▓▓▓▓▓▓▓▓▓▓▓
..........'....÷....'.........'..
▓▓▓▓▓▓▓▓▓▓▓▓▓▓▓▓▓▓▓▓▓▓▓▓▓▓▓▓▓▓▓▓▓
.................................
▓▓▓▓▓▓▓▓▓▓▓▓▓▓▓▓▓▓▓▓▓▓▓▓▓▓▓▓▓▓▓▓▓
.....'______________________'...)


You could see an ettin and a troll.

Vanquished Creatures
  A stone giant (D)
  A dire elephant (D)
  A hydra (D)
  3 deep trolls (D)
  A hill giant (D)
  An orc knight (D)
  2 orc sorcerers (D)
  7 elephants (D)
  2 black mambas (D)
  2 spiny frogs (D)
  A troll (D)
  A wraith (D)
  5 hippogriffs (D)
  A hungry ghost (D)
  A wolf (D)
  2 water moccasins (D)
  3 porcupines (D)
  8 orc warriors (D)
  2 black bears (D)
  A crocodile (D)
  A scorpion (D)
  A hound (D)
  3 orc priests (D)
  3 iguanas (D)
  6 orc wizards (D)
  A worker ant (D)
  2 adders (D)
  A worm (D)
  6 orcs (D)
  A hobgoblin (D)
  2 jackals (D)
  A kobold (D)
  A quokka (D)
  2 bats (D)
  A quokka skeleton (D)
78 creatures vanquished.

Notes
Turn   | Place    | Note
--------------------------------------------------------------
     0 | D        | esc the Deep Elf Fire Elementalist began the quest for the Orb.
     0 | D        | Reached XP level 1. HP: 10/10 MP: 6/6
    17 | D        | Reached skill level 1 in Fighting
    18 | D        | Reached skill level 3 in Dodging
   133 | D        | Noticed a hound
   133 | D        | Noticed a worker ant
   138 | D        | Reached skill level 2 in Conjurations
   138 | D        | Reached XP level 2. HP: 16/16 MP: 2/8
   144 | D        | Reached skill level 2 in Fighting
   144 | D        | Reached skill level 4 in Dodging
   144 | D        | Reached skill level 4 in Spellcasting
   144 | D        | Reached skill level 3 in Conjurations
   144 | D        | Reached skill level 4 in Fire Magic
   144 | D        | Reached XP level 3. HP: 11/21 MP: 6/11
   151 | D        | Reached skill level 5 in Spellcasting
   166 | D        | Found a glowing silver altar of Zin.
   166 | D        | Found a glowing golden altar of the Shining One.
   166 | D        | Found an ancient bone altar of Kikubaaqudgha.
   166 | D        | Found a basalt altar of Yredelemnul.
   166 | D        | Found a shimmering altar of Xom.
   166 | D        | Found a radiant altar of Vehumet.
   167 | D        | Found an iron altar of Okawaru.
   168 | D        | Found a burning altar of Makhleb.
   169 | D        | Found a deep blue altar of Sif Muna.
   170 | D        | Found a bloodstained altar of Trog.
   171 | D        | Found a sparkling altar of Nemelex Xobeh.
   172 | D        | Found a white marble altar of Elyvilon.
   173 | D        | Found a roughly hewn altar of Beogh.
   174 | D        | Became a worshipper of Vehumet
   175 | D        | Found a viscous altar of Jiyva.
   176 | D        | Found a corrupted altar of Lugonu.
   177 | D        | Found a blossoming altar of Fedhas.
   178 | D        | Found a snail-covered altar of Cheibriados.
   179 | D        | Found a shadowy altar of Dithmenos.
   180 | D        | Found a stormy altar of Qazlal.
   181 | D        | Found an opulent altar of Gozag.
   182 | D        | Found a sacrificial altar of Ru.
   183 | D        | Found an oddly glowing altar of Pakellas.
   233 | D        | Learned a level 2 spell: Throw Flame
   237 | D        | Learned a level 3 spell: Conjure Flame
   385 | D        | Noticed a black bear
   385 | D        | Noticed a troll
   385 | D        | Noticed a scorpion
   393 | D        | Reached skill level 5 in Fire Magic
   393 | D        | Reached XP level 4. HP: 18/27 MP: 2/13
   491 | D        | Killed a black bear
   491 | D        | Reached skill level 3 in Fighting
   491 | D        | Reached skill level 6 in Dodging
   491 | D        | Reached skill level 6 in Spellcasting
   491 | D        | Reached skill level 5 in Conjurations
   491 | D        | Reached skill level 6 in Fire Magic
   491 | D        | Reached XP level 5. HP: 30/33 MP: 3/16
   563 | D        | Killed a troll
   563 | D        | Reached * piety under Vehumet
   563 | D        | Offered knowledge of Sandblast by Vehumet.
   563 | D        | Reached skill level 4 in Fighting
   563 | D        | Reached skill level 7 in Dodging
   563 | D        | Reached skill level 8 in Spellcasting
   563 | D        | Reached skill level 6 in Conjurations
   563 | D        | Reached skill level 7 in Fire Magic
   563 | D        | Reached XP level 6. HP: 38/40 MP: 7/19
   565 | D        | Reached skill level 5 in Fighting
   624 | D        | Reached ** piety under Vehumet
   624 | D        | Reached skill level 8 in Dodging
   624 | D        | Reached skill level 9 in Spellcasting
   624 | D        | Reached skill level 7 in Conjurations
   736 | D        | Learned a level 4 spell: Sticky Flame
   742 | D        | Learned a level 5 spell: Fireball
   748 | D        | Noticed a hungry ghost
   748 | D        | Noticed a hippogriff
   748 | D        | Noticed a wraith
   751 | D        | Killed a hungry ghost
   751 | D        | Offered knowledge of Sting by Vehumet.
   751 | D        | Reached skill level 8 in Fire Magic
   751 | D        | Reached XP level 7. HP: 44/44 MP: 10/21
   751 | D        | Killed a hippogriff
   756 | D        | Reached skill level 9 in Dodging
   756 | D        | Reached skill level 10 in Spellcasting
   758 | D        | Reached *** piety under Vehumet
   761 | D        | Reached skill level 8 in Conjurations
   897 | D        | Killed a wraith
   897 | D        | Reached skill level 9 in Fire Magic
  1114 | D        | Noticed a hippogriff
  1114 | D        | Noticed a wolf
  1114 | D        | Noticed a hippogriff
  1118 | D        | Killed a hippogriff
  1118 | D        | Offered knowledge of Searing Ray by Vehumet.
  1118 | D        | Reached XP level 8. HP: 51/51 MP: 17/24
  1119 | D        | Reached **** piety under Vehumet
  1119 | D        | Reached skill level 10 in Dodging
  1119 | D        | Reached skill level 11 in Spellcasting
  1120 | D        | Reached skill level 9 in Conjurations
  1123 | D        | Noticed a black mamba
  1238 | D        | Reached skill level 10 in Fire Magic
  1246 | D        | Reached ***** piety under Vehumet
  1277 | D        | Killed a black mamba
  1277 | D        | Offered knowledge of Mephitic Cloud by Vehumet.
  1277 | D        | Reached skill level 11 in Dodging
  1277 | D        | Reached skill level 12 in Spellcasting
  1277 | D        | Reached skill level 10 in Conjurations
  1282 | D        | Learned a level 3 spell: Mephitic Cloud
  1411 | D        | Offered knowledge of Bolt of Draining by Vehumet.
  1411 | D        | Reached skill level 1 in Air Magic
  1411 | D        | Reached skill level 1 in Poison Magic
  1411 | D        | Reached XP level 9. HP: 50/55 MP: 19/27
  1418 | D        | Learned a level 5 spell: Bolt of Draining
  1452 | D        | Noticed a spiny frog
  1452 | D        | Noticed a five-headed hydra
  1452 | D        | Noticed a black mamba
  1455 | D        | Killed a spiny frog
  1455 | D        | Offered knowledge of Bolt of Magma by Vehumet.
  1455 | D        | Reached skill level 2 in Necromancy
  1455 | D        | Reached skill level 11 in Fire Magic
  1455 | D        | Reached skill level 2 in Air Magic
  1455 | D        | Reached skill level 2 in Poison Magic
  1459 | D        | Noticed a spiny frog
  1466 | D        | Killed a five-headed hydra
  1466 | D        | Reached skill level 12 in Dodging
  1466 | D        | Reached skill level 13 in Spellcasting
  1466 | D        | Reached skill level 11 in Conjurations
  1466 | D        | Reached skill level 4 in Necromancy
  1466 | D        | Reached skill level 3 in Air Magic
  1466 | D        | Reached skill level 4 in Poison Magic
  1469 | D        | Killed a black mamba
  1469 | D        | Reached skill level 4 in Air Magic
  1709 | D        | Killed a spiny frog
  1709 | D        | Reached skill level 5 in Necromancy
  1709 | D        | Reached skill level 5 in Poison Magic
  1709 | D        | Reached XP level 10. HP: 60/60 MP: 7/29
  1886 | D        | Learned a level 5 spell: Bolt of Magma
  1888 | D        | Noticed an elephant
  1888 | D        | Noticed an elephant
  1888 | D        | Noticed an elephant
  1888 | D        | Noticed a dire elephant
  1888 | D        | Noticed an elephant
  1888 | D        | Noticed an elephant
  1892 | D        | Killed an elephant
  1892 | D        | Reached skill level 12 in Fire Magic
  1892 | D        | Reached skill level 2 in Earth Magic
  1900 | D        | Killed an elephant
  1900 | D        | Reached skill level 14 in Spellcasting
  1930 | D        | HP: 8/60 [dire elephant (34)]
  1934 | D        | Killed a dire elephant
  1934 | D        | Reached ****** piety under Vehumet
  1934 | D        | Offered knowledge of Delayed Fireball by Vehumet.
  1934 | D        | Reached skill level 13 in Dodging
  1934 | D        | Reached skill level 12 in Conjurations
  1934 | D        | Reached skill level 4 in Earth Magic
  2205 | D        | Killed an elephant
  2264 | D        | Killed an elephant
  2264 | D        | Reached skill level 5 in Earth Magic
  2283 | D        | Killed an elephant
  2346 | D        | Noticed an elephant
  2352 | D        | Noticed an elephant
  2354 | D        | Killed an elephant
  2354 | D        | Reached skill level 13 in Fire Magic
  2377 | D        | Killed an elephant
  2377 | D        | Reached skill level 15 in Spellcasting
  2377 | D        | Reached skill level 6 in Earth Magic
  2523 | D        | Reached skill level 14 in Dodging
  2530 | D        | Reached XP level 11. HP: 64/64 MP: 6/32
  2530 | D        | Offered knowledge of Spellforged Servitor by Vehumet.
  2683 | D        | Noticed an orc sorcerer
  2683 | D        | Noticed an orc sorcerer
  2683 | D        | Noticed an orc knight
  2686 | D        | Killed an orc sorcerer
  2686 | D        | Reached skill level 13 in Conjurations
  2686 | D        | Killed an orc sorcerer
  2686 | D        | Reached skill level 7 in Earth Magic
  2691 | D        | Killed an orc knight
  2719 | D        | Offered knowledge of Bolt of Cold by Vehumet.
  2721 | D        | HP: 5/64 [orc warrior/flail (19)]
  3084 | D        | Found Eruthrookk's Antique Armour Emporium.
  3084 | D        | Noticed a stone giant
  3084 | D        | Noticed a deep troll
  3084 | D        | Noticed a deep troll
  3084 | D        | Noticed a hill giant
  3084 | D        | Noticed a deep troll
  3086 | D        | Noticed an ettin
  3089 | D        | Killed a stone giant
  3089 | D        | Offered knowledge of Conjure Ball Lightning by Vehumet.
  3089 | D        | Reached skill level 16 in Spellcasting
  3089 | D        | Reached skill level 8 in Earth Magic
  3090 | D        | Killed a deep troll
  3090 | D        | Reached skill level 14 in Fire Magic
  3090 | D        | Killed a deep troll
  3090 | D        | Reached skill level 15 in Dodging
  3093 | D        | Killed a hill giant
  3094 | D        | Killed a deep troll
  3094 | D        | Reached skill level 14 in Conjurations
  3094 | D        | Reached skill level 9 in Earth Magic
  3110 | D        | Slain by an ettin

Vault maps used:
D:        linesprint

Action                   |  1- 3 |  4- 6 |  7- 9 | 10-12 || total
-------------------------+-------+-------+-------+-------++-------
Melee: Unarmed           |    10 |       |       |       ||    10
       Rapier            |       |       |       |     4 ||     4
 Cast: Flame Tongue      |    22 |       |     1 |       ||    23
       Throw Flame       |     2 |    20 |    40 |    15 ||    77
       Conjure Flame     |     1 |     5 |     6 |     4 ||    16
       Fireball          |       |     1 |     4 |     2 ||     7
       Sticky Flame      |       |       |     6 |    18 ||    24
       Bolt of Draining  |       |       |     1 |    26 ||    27
       Mephitic Cloud    |       |       |     1 |       ||     1
       Bolt of Magma     |       |       |       |     5 ||     5
  Use: Potion            |     1 |     1 |       |       ||     2
  Eat: Bread ration      |       |       |     1 |       ||     1
       Chunk             |       |       |       |     2 ||     2

Vault maps used:
D:        linesprint

Table legend:
 A = Turns spent in this place as a percentage of turns spent in the entire game.
 B = Non-inter-level travel turns spent in this place as a percentage of non-inter-level travel turns spent in the entire game.
 C = Inter-level travel turns spent in this place as a percentage of turns spent in this place.
 D = Turns resting spent in this place as a percentage of non-inter-level travel turns spent in this place.
 E = Turns spent auto-exploring this place as a percentage of non-inter-level travel turns spent in this place.
 F = Non-inter-level travel turns spent in this place divided by the number of levels of this place that you've seen.
                   A       B       C       D       E      F
               +-------+-------+-------+-------+-------+----------------------
         Total | 100.0 | 100.0 |   0.0 |   4.9 |   0.5 | 1113.0
       Dungeon | 100.0 | 100.0 |   0.0 |   4.9 |   0.5 | 1113.0
               +-------+-------+-------+-------+-------+----------------------

Table legend:
 A = Kills in this place as a percentage of kills in entire the game.
 B = Kills by you in this place as a percentage of kills by you in the entire game.
 C = Kills by friends in this place as a percentage of kills by friends in the entire game.
 D = Other kills in this place as a percentage of other kills in the entire game.
 E = Experience gained in this place as a percentage of experience gained in the entire game.
 F = Experience gained in this place divided by the number of levels of this place that you have seen.
                   A       B       C       D       E      F
               +-------+-------+-------+-------+-------+----------------------
         Total | 100.0 | 100.0 |  -nan |  -nan | 100.0 | 18024.0
       Dungeon | 100.0 | 100.0 |  -nan |  -nan | 100.0 | 18024.0
               +-------+-------+-------+-------+-------+----------------------
